 Dungeon Crawl Stone Soup version 0.21.1-1-g345015f (webtiles) character file.

56 Solrac the Skirmisher (level 3, -4/33 HPs)
             Began as a Hill Orc Fighter on Mar 23, 2018.
             Slain by Sigmund
             ... wielding a +0 scythe
              (5 damage)
             ... on level 2 of the Dungeon.
             The game lasted 00:04:37 (923 turns).

Solrac the Skirmisher (Hill Orc Fighter)             Turns: 923, Time: 00:04:37

Health: -4/33      AC: 10    Str: 23    XL:     3   Next: 97%
Magic:  3/3        EV:  5    Int:  8    God:
Gold:   39         SH:  9    Dex: 11    Spells: 2/2 levels left

rFire    . . .     SeeInvis .   a - +0 flail
rCold    . . .     Gourm    .   c - +0 shield
rNeg     . . .     Faith    .   n - +0 chain mail
rPois    .         Spirit   .   m - +0 helmet
rElec    .         Reflect  .   (no cloak)
rCorr    .         Harm     .   (no gloves)
MR       .....                  (no boots)
Stlth    ..........             (no amulet)
HPRegen  0.11/turn              (no ring)
MPRegen  0.08/turn              (no ring)

@: mighty
A: no striking features
a: no special abilities


You were on level 2 of the Dungeon.
You were not hungry.

You visited 1 branch of the dungeon, and saw 2 of its levels.

You collected 39 gold pieces.

Inventory:

Hand Weapons
 a - a +0 flail (weapon)
Missiles
 i - 5 stones (quivered)
 l - 4 tomahawks
Armour
 b - a +0 scale mail
 c - a +0 shield (worn)
 m - a +0 helmet (worn)
 n - a +0 chain mail (worn)
Scrolls
 e - 2 scrolls of identify {unknown}
 h - 2 scrolls of teleportation {unknown}
 j - a scroll of blinking {unknown}
 o - a scroll of enchant armour {unknown}
 p - a scroll of enchant weapon {unknown}
Potions
 d - a potion of might
 k - a potion of curing {unknown}
Comestibles
 f - 2 rations
 g - 3 chunks of flesh


   Skills:
 * Level 4.1 Fighting
 + Level 2.7 Maces & Flails
 + Level 3.9 Armour
 + Level 0.2 Dodging
 + Level 3.9 Shields


You had 2 spell levels left.
You didn't know any spells.

Dungeon Overview and Level Annotations

Branches:
Dungeon (2/15)

Altars:

Annotations:
D:2 Sigmund


Message History

You miss something. You block something's attack.
You closely miss something. You block something's attack.
Your shield and chain mail prevent you from hitting something.
Some of the chunks of flesh in your inventory have rotted away.
You miss something. Something hits you but does no damage.
You hit something. Something hits you but does no damage.
You closely miss something. Something hits you!
You feel very mighty all of a sudden. You block something's attack.
You barely miss something. Something hits you.
Your shield and chain mail prevent you from hitting something.
Something hits you but does no damage.
You closely miss something. You closely miss something. Something hits you!
* * * LOW HITPOINT WARNING * * *
You completely miss something. Something hits you but does no damage.
Your shield and chain mail prevent you from hitting something.
Something hits you but does no damage.
You closely miss something. Something hits you.
You die...

.##...........# .#
...........# ##.##
..........# #...
.@.......# ###..#
.%......# ....#
.......##
##.########.......#
#<.......@{.......#
.
#.#########.?..$..#
... #..# #..$....#
.....####.#
#.<.....#
..........#
#.....###
.....###### #.....#
... ......# #
.......


There were no monsters in sight!

Vanquished Creatures
  2 adders (D:2)
  A dart slug (D:1)
  A leopard gecko (D:1)
  A giant cockroach (D:1)
  2 goblins (D:1)
  5 hobgoblins
  3 jackals (D:1)
  2 ball pythons (D:1)
  9 bats
  A frilled lizard (D:1)
  4 kobolds (D:1)
  3 rats (D:1)
34 creatures vanquished.

Notes
Turn   | Place    | Note
-------+----------+-------------------------------------------
     0 | D:1      | Solrac the Hill Orc Fighter began the quest for the Orb.
     0 | D:1      | Reached XP level 1. HP: 19/19 MP: 1/1
   116 | D:1      | Reached XP level 2. HP: 27/27 MP: 2/2
   381 | D:1      | Reached skill level 4 in Fighting
   482 | D:1      | Reached XP level 3. HP: 33/33 MP: 3/3
   900 | D:2      | Noticed Sigmund
   920 | D:2      | HP: 1/33 [something (11)]
   923 | D:2      | Slain by Sigmund

Skill      XL: |  1  2 |
---------------+-------+-----
Fighting       | 4 |  4.1
Maces & Flails | |  2.7
Armour         | |  3.9
Dodging        | |  0.2
Shields        | |  3.9

Action                   || total
-------------------------++-------
Melee: Flail             ||   150
  Use: Potion            ||     1
Armor: Scale mail        ||    18
       Chain mail        ||    69
Dodge: Dodged            ||    36
Block: Shield            ||    79
